 Dungeon Crawl Stone Soup version 0.19.0-20-gbc5f0c6 (webtiles) character file.

149 Jerry the Slasher (level 5, 28/28 HPs)
             Began as a Vine Stalker Gladiator on Nov 17, 2016.
             Quit the game on level 3 of the Dungeon.
             The game lasted 00:07:47 (2825 turns).

Jerry the Slasher (Vine Stalker Gladiator)          Turns: 2825, Time: 00:07:48

Health: 28/28      AC:  8    Str: 16 (18) XL:     5   Next: 31%
Magic:  6/6        EV: 12    Int: 15 (17) God:
Gold:   162        SH:  0    Dex: 14 (17) Spells: 0 memorised, 4 levels left

rFire  + . .     SeeInvis .     a - +1 long sword
rCold  + . .     Gourm    .     j - +0 ring mail
rNeg   . . .     Faith    .     (no shield)
rPois  +         Spirit   +     (helmet restricted)
rElec  +         Reflect  .     v - +2 cloak
rCorr  +         Harm     .     (no gloves)
MR     .....     Rnd*Rage +     (no boots)
Stlth  +.........               (no amulet)
                                (no ring)
                                t - +4 ring of intelligence

@: brilliant, resistant, very slightly contaminated, hasted, very quick
A: antennae 1, fangs 2, agile 1, berserk 1, regeneration 1, magic shield,
antimagic bite, no device heal 3, rot immunity
a: no special abilities


You were on level 3 of the Dungeon.
You were not hungry.

You visited 1 branch of the dungeon, and saw 4 of its levels.

You collected 162 gold pieces.

Inventory:

Hand Weapons
 a - a +1 long sword (weapon)
Missiles
 d - 3 throwing nets (quivered)
Armour
 b - a +0 leather armour
 c - a +0 helmet
 j - a +0 ring mail (worn)
 r - a +0 buckler
 v - a +2 cloak (worn)
Jewellery
 t - a +4 ring of intelligence (left hand)
Scrolls
 n - 2 scrolls of remove curse
Potions
 k - 2 potions of degeneration
 p - a potion of curing
Comestibles
 f - 2 bread rations
 o - a beef jerky
 q - a meat ration
 x - 3 chunks of flesh


   Skills:
 + Level 2.9 Fighting
 + Level 3.4 Long Blades
 - Level 1.7 Throwing
 + Level 1.6 Armour
 + Level 3.2 Dodging


You had 4 spell levels left.
You didn't know any spells.

Dungeon Overview and Level Annotations

Branches:
Dungeon (4/15)
 Temple: D:4-7

Altars:
Cheibriados
Gozag
Nemelex Xobeh
Sif Muna
The Shining One


Innate Abilities, Weirdness & Mutations

You have extremely sharp teeth.
Your natural rate of healing is unusually fast.
When hurt, damage is shared between your health and your magic reserves.
Your bite disrupts and absorbs the magic of your enemies.
Potions and wands cannot restore your health.
You are immune to rotting.
You have a pair of small antennae on your head.
You are agile. (Dex +2)
You tend to lose your temper in combat.


Message History

It was a potion of mutation.
You feel extremely strange. A pair of antennae grows on your head!
Your +0 helmet falls away!
You feel agile.
You feel a little pissed off.
It was a potion of degeneration.
There was something very wrong with that liquid.
You feel weakened.
You feel dopey.
You feel clumsy.
It was a potion of brilliance.
You feel clever all of a sudden.
It was a potion of curing.
That felt strangely inert.
You feel protected.
It was a potion of heal wounds.
That seemed strangely inert.
Why would you want to do that? Why would you want to do that?
Okay, then.
You feel yourself speed up.
You are very lightly contaminated with residual magic.
You feel as though your hastened speed will last longer.
You have no ailments to cure.
Are you sure you want to abandon this character and quit the game? (Confirm with "yes".)

#####.####
#.####.####.######.#
##.......#####.# #.# #.# #÷#
...##..........####.## #.# #.#
########<#...........###.# #.#
#### #.................# #.#
...#######.##.....#[..#### #.#
.⌠....# #.###.##......######
#.# _..##.#
#.###..............###.#
.⌠.##.#
#......@......####.##..#
...##.# #..##.####...##
#.##.## #####.# #..#...####.##
##.##.# #####.# #...........#
#...#.# ......# ##.#..[######
###.....# ####..# #.##.##
####.......# #
#..#####.##.######........_.#
#
##.....##.##........##.......#
#..###.##.##############....##


There were no monsters in sight!

Vanquished Creatures
  3 gnolls (D:2)
  4 adders
  2 oozes
  3 worms
  2 dart slugs (D:2)
  2 leopard geckos (D:1)
  3 ball pythons (D:3)
  12 bats
  2 giant cockroaches (D:3)
  4 goblins (D:1)
  6 hobgoblins
  2 quokkas (D:3)
  4 frilled lizards
  7 kobolds
  7 rats
63 creatures vanquished.

Notes
Turn   | Place    | Note
-------+----------+-------------------------------------------
     0 | D:1      | Jerry the Vine Stalker Gladiator began the quest for the Orb.
     0 | D:1      | Reached XP level 1. HP: 11/11 MP: 2/2
   248 | D:1      | Reached XP level 2. HP: 3/15 MP: 1/3
   754 | D:1      | You fall through a shaft!
   785 | D:2      | Reached XP level 3. HP: 17/18 MP: 2/4
   802 | D:2      | Found a glowing golden altar of the Shining One.
   844 | D:2      | Reached skill level 1 in Armour
  1494 | D:2      | Gained mutation: Your natural rate of healing is unusually fast. [Vine Stalker growth]
  1494 | D:2      | Reached XP level 4. HP: 23/23 MP: 5/5
  2271 | D:3      | Reached XP level 5. HP: 28/28 MP: 6/6
  2293 | D:3      | Found a sparkling altar of Nemelex Xobeh.
  2299 | D:3      | Found a glowing drain.
  2557 | D:3      | Found a deep blue altar of Sif Muna.
  2557 | D:3      | Found a faded altar of an unknown god.
  2567 | D:3      | Found a faded altar of an unknown god.
  2569 | D:3      | Found a faded altar of an unknown god.
  2570 | D:3      | Found a faded altar of an unknown god.
  2695 | D:3      | Found a snail-covered altar of Cheibriados.
  2799 | D:4      | Found an opulent altar of Gozag.
  2817 | D:3      | Gained mutation: You have a pair of small antennae on your head. [potion of mutation]
  2817 | D:3      | Gained mutation: You are agile. (Dex +2) [potion of mutation]
  2817 | D:3      | Gained mutation: You tend to lose your temper in combat. [potion of mutation]
  2825 | D:3      | Quit the game

Skill      XL: |  1  2  3  4 |
---------------+-------------+-----
Fighting       | 2 |  2.9
Long Blades    | 3 |  3.4
Armour         | 1 |  1.6
Dodging        | 3 |  3.2
Throwing       | |  1.7

Action                   |  1- 3 |  4- 6 || total
-------------------------+-------+-------++-------
Melee: Long sword        |    53 |    84 ||   137
       Bite              |    15 |    37 ||    52
Throw: Throwing net      |       |     1 ||     1
  Use: Potion            |       |     8 ||     8
       Scroll            |       |     7 ||     7
 Stab: Held in net/web   |       |     1 ||     1
  Eat: Chunk             |     2 |     4 ||     6
Armor: Leather armour    |     6 |       ||     6
       Ring mail         |     9 |    45 ||    54
Dodge: Dodged            |    39 |    70 ||   109
       Rpst.: Long sword |    12 |    24 ||    36
